AoeStats
← cuuu

Arabia

505480756Analyzed
1v1 RM · 22d ago on Sep 9, 2026· 41m 22s· 2 players
Game mode
Random Map
Map size
Tiny (2 player)
Population
200
Speed
Normal
Resources
Standard
Victory
Conquest
Starting age
Dark Age
Ending age
Imperial Age
RankedLock teamsTeams togetherTeam positionsShared explorationLock speedFull tech treeHidden civsTurbo modeCheats
Victory
Defeat
🇩🇪 Bulgarians · Germany
738
+13
🇨🇿 Malay · Czechia
674
-13
SalekK2
9:33 Loom
11:32 Feudal Age
11:22 Double-Bit Axe
11:18 Horse Collar
14:50 Fletching
16:30 Man-at-Arms
25:05 Gold Mining
27:28 Castle Age
29:34 Bow Saw
30:34 Elite Skirmisher
30:42 Pikeman
31:24 Squires
41:56 Ballistics
cuuu
10:25 Feudal Age
8:40 Loom
10:55 Double-Bit Axe
15:27 Wheelbarrow
15:47 Horse Collar
17:46 Bloodlines
19:08 Forging
19:05 Scale Barding Armor
27:17 Castle Age
26:53 Stone Mining
28:54 Bow Saw
30:20 Husbandry
31:21 Gold Mining
31:35 Heavy Plow
36:16 Stirrups
39:17 Hand Cart
42:32 Iron Casting
42:18 Chain Barding Armor
Connection lost

Rejoining the realm…

Still unreachable

The connection could not be restored.

Session expired

The server has moved on; the page needs a fresh start.